 Dungeon Crawl Stone Soup version 0.32-a0-163-g159c032296 (webtiles) character file.

Game seed: 1063016173461300485

85 cforsyth the Magician (level 4, -2/35 HPs)
             Began as a Djinni Hexslinger on Feb 12, 2024.
             Slain by an ogre
             ... wielding a +0 giant club
              (6 damage)
             ... on level 4 of the Dungeon.
             The game lasted 00:02:45 (3033 turns).

cforsyth the Magician (Djinni Hexslinger)           Turns: 3033, Time: 00:02:46

Health: -2/35      AC:  2    Str:  7    XL:     4   Next: 75%
Gold:   123        EV: 12    Int: 17    God:
                   SH:  0    Dex: 15

rFire   + + .        a - +1 sling
rCold   x . .        (no shield)
rNeg    . . .        c - +0 robe
rPois   ∞            (no helmet)
rElec   .            (no cloak)
rCorr   .            (no gloves)
SInv    .            (boots unavailable)
Will    ++...        (no amulet)
Stlth   +            W - ring of willpower
HPRegen 0.25/turn    w - ring of willpower
MPRegen 0.00/turn

%: infuse magic (-3 HP)
@: flying, very slightly contaminated
A: sickness immunity, fire resistance 2, cold vulnerability 1, float, innate
caster, HP casting, extra vitality 1
a: no special abilities


You were on level 4 of the Dungeon.
You visited 1 branch of the dungeon, and saw 4 of its levels.

You collected 123 gold pieces.


Innate Abilities, Weirdness & Mutations

You are immune to sickness and miasma.
You are immune to poison.
Your flesh is very heat resistant. (rF++)
You are vulnerable to cold. (rC-)
You float through the air rather than walking.
You learn spells naturally, not from books.
Your magical power is your life essence.
You have superior vitality. (+4 MHP)


   Skills:
 + Level 3.0 Fighting
 - Level 1.5 Ranged Weapons
 - Level 2.1 Dodging
 + Level 3.5 Spellcasting
 + Level 3.5 Conjurations
 + Level 3.5 Hexes
 + Level 3.5 Summonings
 + Level 3.5 Necromancy
 + Level 3.5 Translocations
 + Level 3.5 Fire Magic
 + Level 3.5 Ice Magic
 + Level 3.5 Air Magic
 + Level 3.5 Earth Magic
 + Level 3.5 Alchemy


You knew the following spells:

 Your Spells              Type           Power      Damage    Failure   Level
c - Cause Fear            Hex            7%         N/A       36%         4
f - Inner Flame           Hex/Fire       14%        N/A       12%         3
s - Slow                  Hex            56%        N/A       4%          1
X - Jinxbite              Hex            28%        N/A       6%          2
Y - Sigil of Binding      Hex            14%        N/A       12%         3
Z - Dimensional Bullseye  Hex/Tloc       7%         N/A       36%         4
Your spell library was empty.

Inventory:

Hand Weapons
 a - a +1 sling (weapon)
Armour
 c - a +0 robe (worn)
Jewellery
 f - a ring of fire
 w - a ring of willpower (right hand)
 W - a ring of willpower (left hand)
Wands
 m - a wand of paralysis (9)
Scrolls
 b - 4 scrolls of poison
 d - a scroll of summoning {unknown}
 g - 2 scrolls of revelation {unknown}
 j - a scroll of blinking {unknown}
 k - a scroll of enchant weapon {unknown}
 l - a scroll of fear {unknown}
 n - a scroll of immolation {unknown}
 o - 4 scrolls of identify {unknown}
 p - a scroll of vulnerability {unknown}
 q - a scroll of brand weapon {unknown}
Potions
 e - a potion of brilliance {unknown}
 h - a potion of curing {@q1}
 i - 2 potions of attraction {unknown}

Dungeon Overview and Level Annotations

Branches:
Dungeon (4/15)             Temple (0/1) D:4

Altars:

Shops:
D:2

[ ## ######## ..
#......# .##
#.####.# ..
####.####.# .##
#.........###O.#.#
#.##.###....@....#
### #.##.#
##.##........ ..#
#.##.#
#.###...#### #.#
#.##.####.# ..##
#.# #.##......#
.... #.#
#.######### #.###
#.# #.# +# #.# #.#
..# #.#######


You could see an ogre.


Message History

Confirm with . or Enter, or press ? or * to list all spells.
Okay, then.
Unknown command.
Casting: Inner Flame (quite dangerous; 12% risk of failure)
Confirm with . or Enter, or press ? or * to list all spells.
Aiming: Inner Flame (quite dangerous; 12% risk of failure)
Press: ? - help, Dir - move target, f/p - ogre
Aim: an ogre, wielding a +0 giant club (moderately wounded, chance to affect: 67%)
The ogre struggles to resist.
The ogre hits you with a +0 giant club!!
Ouch! That really hurt!
* * * LOW HITPOINT WARNING * * *
Unknown command.
Unknown command.
Okay, then.
Okay, then.
Casting: Inner Flame (quite dangerous; 12% risk of failure)
Confirm with . or Enter, or press ? or * to list all spells.
Aiming: Slow (safe; 4% risk of failure)
Press: ? - help, Shift-Dir - straight line, f/p - ogre
Aim: an ogre, wielding a +0 giant club (moderately wounded, chance to affect: 48%)
Okay, then.
Casting: Slow (safe; 4% risk of failure)
Confirm with . or Enter, or press ? or * to list all spells.
Casting: Cause Fear (extremely dangerous; 36% risk of failure)
Press: ? - help, Dir - look around, f - activate You miscast Cause Fear.
Nothing appears to happen.
* * * LOW HITPOINT WARNING * * *
The ogre hits you with a +0 giant club.
You die...

Skill      XL: |  1  2  3  4 |
---------------+-------------+-----
Spellcasting   | 3 |  3.5
Conjurations   | 3 |  3.5
Hexes          | 3 |  3.5
Summonings     | 3 |  3.5
Necromancy     | 3 |  3.5
Translocations | 3 |  3.5
Fire Magic     | 3 |  3.5
Ice Magic      | 3 |  3.5
Air Magic      | 3 |  3.5
Earth Magic    | 3 |  3.5
Alchemy        | 3 |  3.5
Fighting       | 2 3 |  3.0
Ranged Weapons | |  1.5
Dodging        | |  2.1

Action                     |  1- 3 |  4- 6 || total
---------------------------+-------+-------++-------
   Fire: Sling             |   112 |    75 ||   187
   Cast: Slow              |       |     1 ||     1
         Inner Flame       |       |     1 ||     1
    Use: Potion            |       |     1 ||     1
 Armour: Robe              |    33 |    29 ||    62
  Dodge: Dodged            |    43 |    31 ||    74

Levels and vault maps discovered:
D:1:      onia_arrival_mini_maze_b, layout_basic
D:2:      layout_basic, serial_shops, nicolae_square_shop,
          chequers_ecumenical_altar_lobes, kennysheep_generic_room_14
D:3:      layout_basic
D:4:      layout_loops_corners, minmay_temple_entry_wispy, uniq_robin

Notes
Turn   | Place    | Note
-------+----------+-------------------------------------------
     0 | D:1      | cforsyth the Djinni Hexslinger began the quest for the Orb.
     0 | D:1      | cforsyth set off with the following spells memorised:
                  | Jinxbite, Sigil of Binding, Inner Flame, Cause Fear,
                  | Dimensional Bullseye.
     0 | D:1      | Reached XP level 1. HP: 17/17 MP: 0/0
   265 | D:1      | Reached XP level 2. HP: 22/22 MP: 0/0
   370 | D:1      | Reached skill level 3 in Spellcasting
   370 | D:1      | Reached skill level 3 in Conjurations
   370 | D:1      | Reached skill level 3 in Hexes
   370 | D:1      | Reached skill level 3 in Summonings
   370 | D:1      | Reached skill level 3 in Necromancy
   370 | D:1      | Reached skill level 3 in Translocations
   370 | D:1      | Reached skill level 3 in Fire Magic
   370 | D:1      | Reached skill level 3 in Ice Magic
   370 | D:1      | Reached skill level 3 in Air Magic
   370 | D:1      | Reached skill level 3 in Earth Magic
   370 | D:1      | Reached skill level 3 in Alchemy
   500 | D:1      | Reached skill level 2 in Fighting
   500 | D:1      | Reached XP level 3. HP: 28/28 MP: 0/0
   500 | D:1      | Learned a level 1 spell: Slow
  1552 | D:2      | Found Saxkeacs's Armour Boutique.
  1641 | D:2      | Reached XP level 4. HP: 11/34 MP: 0/0
  1839 | D:2      | HP: 2/34 [ribbon worm (7)]
  1950 | D:2      | Found a faded altar of an unknown god.
  2858 | D:4      | Found a staircase to the Ecumenical Temple.
  2986 | D:4      | Reached skill level 3 in Fighting
  3028 | D:4      | Noticed an ogre
  3033 | D:4      | Slain by an ogre

Vanquished Creatures
  3 adders
  A ribbon worm (D:2)
  2 dart slugs (D:1)
  3 orcs (D:3)
  5 ball pythons
  7 endoplasms
  A giant cockroach (D:1)
  4 goblins
  2 hobgoblins
  2 jackals (D:4)
  4 quokkas
  2 bats (D:2)
  3 frilled lizards (D:1)
  7 kobolds
  A rat (D:1)
47 creatures vanquished.

Table legend: (Time is in decaauts)
 A = Elapsed time spent in this place.
 B = Non-inter-level travel time spent in this place.
 C = Inter-level travel time spent in this place.
 D = Time resting spent in this place.
 E = Time spent auto-exploring this place.
 F = Levels seen in this place.
 G = Mean time per level.
                   A        B        C        D        E       F      G
               +--------+--------+--------+--------+--------+-----+--------+
         Total |   3092 |   2998 |     94 |      0 |   2610 |   4 |  773.0 |
       Dungeon |   3092 |   2998 |     94 |      0 |   2610 |   4 |  773.0 |
               +--------+--------+--------+--------+--------+-----+--------+

Top non-repeatable levels by time:
     D:1: 1254 daAuts
     D:2: 852 daAuts
     D:3: 662 daAuts
     D:4: 322 daAuts

Table legend:
 A = Non-vault XP
 B = Vault XP
 C = Vault XP percentage of total XP
 D = Non-vault monster count
 E = Vault monster count
 F = Vault count percentage of total count
                 A         B        C        D         E       F
            +---------+---------+-------+---------+---------+-------
      Total |     118 |       4 |   3.3 |      45 |       2 |   4.3
            +---------+---------+-------+---------+---------+-------
        D:1 |      39 |       2 |   4.9 |      22 |       1 |   4.3
        D:2 |      34 |       2 |   5.6 |      12 |       1 |   7.7
        D:3 |      13 |       0 |   0.0 |       6 |       0 |   0.0
        D:4 |      32 |       0 |   0.0 |       5 |       0 |   0.0
            +---------+---------+-------+---------+---------+-------
